 Dungeon Crawl Stone Soup version 0.25-a0-42-g6c54e25894 (webtiles) character file.

Game seed: 11595744952892253385, levelgen mode: deterministic

925 Ablot the Charmwright (level 8, -4/63 HPs)
             Began as a Gnoll Skald on Oct 23, 2019.
             Was a Follower of Okawaru.
             Killed by divine providence
             ... invoked by an orc priest
              (16 damage)
             ... on level 5 of the Dungeon.
             The game lasted 00:08:54 (3778 turns).

Ablot the Charmwright (Gnoll Skald)                 Turns: 3778, Time: 00:08:55

Health: -4/63      AC:  5    Str: 15    XL:     8   Next: 10%
Magic:  2/16       EV: 14    Int: 17    God:    Okawaru [*.....]
Gold:   238        SH:  0    Dex: 14    Spells: 7/18 levels left

rFire    . . .     SeeInvis .   s - +0 spear (curse)
rCold    . . .     Gourm    .   (no shield)
rNeg     . . .     Faith    .   b - +0 leather armour
rPois    .         Spirit   .   a - +1 helmet
rElec    .         Reflect  .   (no cloak)
rCorr    .         Harm     .   (no gloves)
MR       +....                  (no boots)
Stlth    ++........             (no amulet)
HPRegen  1.20/turn              y - ring of protection from magic
MPRegen  0.15/turn              (no ring)

@: shrouded, regenerating
A: distributed training, fangs 1, strong nose
a: Heroism, Renounce Religion


You were on level 5 of the Dungeon.
You worshipped Okawaru.
Okawaru was aware of your devotion.
You were not hungry.

You visited 1 branch of the dungeon, and saw 5 of its levels.

You collected 238 gold pieces.

Inventory:

Hand Weapons
 s - a cursed +0 spear (weapon)
 u - a +2 dagger of venom
Missiles
 c - 236 stones
 m - 33 sling bullets
 p - 27 bolts
 r - 50 poisoned darts (quivered)
 A - 7 curare-tipped darts
Armour
 a - a +1 helmet (worn)
 b - a +0 leather armour (worn)
Jewellery
 y - a ring of protection from magic (left hand)
Wands
 z - a wand of flame (24)
Scrolls
 i - 2 scrolls of enchant armour
 j - a scroll of blinking {unknown}
 k - 3 scrolls of identify {unknown}
 l - a scroll of random uselessness {unknown}
 o - a scroll of fear {unknown}
 q - a scroll of magic mapping {unknown}
 v - 2 scrolls of fog {unknown}
 x - a scroll of teleportation {unknown}
Potions
 e - a potion of brilliance {unknown}
 g - a potion of agility {unknown}
 h - 5 potions of curing
 n - a potion of flight {unknown}
 t - 2 potions of haste {unknown}
 w - a potion of cancellation {unknown}
Comestibles
 d - 12 rations
 f - 3 chunks of flesh


   Skills:
 + Level 5.4 Fighting
 + Level 2.9 Short Blades
 + Level 2.9 Long Blades
 + Level 2.9 Axes
 + Level 2.9 Maces & Flails
 + Level 5.4 Polearms
 + Level 2.9 Staves
 + Level 2.9 Slings
 + Level 2.9 Bows
 + Level 2.9 Crossbows
 + Level 2.9 Throwing
 + Level 3.9 Armour
 + Level 5.4 Dodging
 + Level 2.9 Stealth
 + Level 2.9 Shields
 + Level 2.9 Unarmed Combat
 + Level 5.8 Spellcasting
 + Level 2.3 Conjurations
 + Level 2.3 Hexes
 + Level 6.0 Charms
 + Level 2.3 Summonings
 + Level 2.3 Necromancy
 + Level 2.3 Translocations
 + Level 2.3 Transmutations
 + Level 2.3 Fire Magic
 + Level 2.3 Ice Magic
 + Level 2.3 Air Magic
 + Level 2.3 Earth Magic
 + Level 2.3 Poison Magic
 + Level 3.2 Invocations
 + Level 2.9 Evocations


You had 7 spell levels left.
You knew the following spells:

 Your Spells              Type           Power        Failure   Level  Hunger
a - Infusion              Chrm           ####         1%          1    None
b - Song of Slaying       Chrm           ####....     1%          2    #......
c - Shroud of Golubria    Chrm/Tloc      ###...       4%          2    #......
d - Regeneration          Chrm/Necr      ###.......   9%          3    ##.....
e - Spectral Weapon       Hex/Chrm       ###.....     9%          3    ##.....

Your spell library contained the following spells:

 Spells                   Type           Power        Failure   Level  Hunger


Dungeon Overview and Level Annotations

Branches:
Dungeon (5/15)
 Temple: D:4-7

Altars:
Okawaru
Ru
Trog
Wu Jian
The Shining One


Innate Abilities, Weirdness & Mutations

Your experience applies equally to all skills.
You have very sharp teeth.
Your uncanny sense of smell can sniff out nearby items.


Message History

* * * LOW HITPOINT WARNING * * *
You hit the orc priest.
The orc priest is lightly wounded.
The orc priest hits you with a +0 war axe!
* * * LOW HITPOINT WARNING * * *
Unknown command.
Casting: Regeneration (safe; 9% risk of failure)
Confirm with . or Enter, or press ? or * to list all spells.
You draw out your weapon's spirit!
Casting: Spectral Weapon (safe; 9% risk of failure)
Confirm with . or Enter, or press ? or * to list all spells.
Space distorts slightly along a thin shroud covering your body.
The orc priest closely misses you.
Unknown command.
Casting: Shroud of Golubria (safe; 4% risk of failure)
Confirm with . or Enter, or press ? or * to list all spells.
Your skin crawls.
The orc priest invokes the aid of Beogh against you.
Beogh smites you!
You die...

###### ######
#######....#
#.o..#
........##'##
##@##.#
....#####...#
#.(.#.# ....#
#...# #...#.#
....# #...#
#...#o#########
....# #...#
#...#.o........
....### #...#
#...###........
........#...#
#...# #o.......
....#####...#
#...# #........
.#### #...#
#...# .........


You could see an orc priest and a friendly spectral +0 spear.

Vanquished Creatures
  2 ogres
  A howler monkey (D:4)
  A jelly (D:4)
  2 orc priests
  A hound (D:3)
  An iguana (D:4)
  5 orc wizards
  Natasha (thrice) (D:2)
  6 worker ants
  Robin (D:3)
  12 adders
  An ooze (D:2)
  An adder skeleton (D:4)
  2 worms
  2 dart slugs (D:1)
  6 leopard geckos
  8 orcs
  2 bats
  3 giant cockroaches
  14 goblins
  8 hobgoblins
  4 jackals (D:3)
  5 kobolds
  2 quokkas
  2 ball pythons
  5 frilled lizards
  7 rats
107 creatures vanquished.

Notes
Turn   | Place    | Note
-------+----------+-------------------------------------------
     0 | D:1      | Ablot the Gnoll Skald began the quest for the Orb.
     0 | D:1      | Reached XP level 1. HP: 20/20 MP: 6/6
    90 | D:1      | Reached XP level 2. HP: 25/26 MP: 0/7
    97 | D:1      | Learned a level 2 spell: Song of Slaying
   100 | D:1      | Learned a level 2 spell: Shroud of Golubria
   457 | D:1      | Reached XP level 3. HP: 30/31 MP: 6/9
   476 | D:1      | Learned a level 3 spell: Regeneration
   480 | D:1      | Learned a level 3 spell: Spectral Weapon
   521 | D:1      | Reached skill level 5 in Spellcasting
   873 | D:2      | Noticed Natasha
   878 | D:2      | Killed Natasha
   878 | D:2      | Reached skill level 1 in Invocations
   888 | D:2      | Reached skill level 1 in Short Blades
   888 | D:2      | Reached skill level 1 in Long Blades
   888 | D:2      | Reached skill level 1 in Axes
   888 | D:2      | Reached skill level 1 in Maces & Flails
   888 | D:2      | Reached skill level 1 in Staves
   888 | D:2      | Reached skill level 1 in Slings
   888 | D:2      | Reached skill level 1 in Bows
   888 | D:2      | Reached skill level 1 in Crossbows
   888 | D:2      | Reached skill level 1 in Throwing
   888 | D:2      | Reached skill level 1 in Stealth
   888 | D:2      | Reached skill level 1 in Shields
   888 | D:2      | Reached skill level 1 in Unarmed Combat
   888 | D:2      | Reached skill level 1 in Evocations
   888 | D:2      | Reached XP level 4. HP: 24/38 MP: 1/11
  1034 | D:2      | Reached skill level 1 in Conjurations
  1034 | D:2      | Reached skill level 1 in Hexes
  1034 | D:2      | Reached skill level 1 in Summonings
  1034 | D:2      | Reached skill level 1 in Necromancy
  1034 | D:2      | Reached skill level 1 in Translocations
  1034 | D:2      | Reached skill level 1 in Transmutations
  1034 | D:2      | Reached skill level 1 in Fire Magic
  1034 | D:2      | Reached skill level 1 in Ice Magic
  1034 | D:2      | Reached skill level 1 in Air Magic
  1034 | D:2      | Reached skill level 1 in Earth Magic
  1034 | D:2      | Reached skill level 1 in Poison Magic
  1133 | D:2      | Noticed Natasha
  1140 | D:2      | Killed Natasha
  1140 | D:2      | Reached XP level 5. HP: 43/43 MP: 3/12
  1175 | D:2      | Noticed Natasha
  1191 | D:2      | Killed Natasha
  1274 | D:2      | Found a faded altar of an unknown god.
  1367 | D:3      | Found a sacrificial altar of Ru.
  1819 | D:3      | Found an ornate altar of the Wu Jian Council.
  1819 | D:3      | Found a glowing golden altar of the Shining One.
  1820 | D:3      | Found an iron altar of Okawaru.
  1820 | D:3      | Found a bloodstained altar of Trog.
  1825 | D:3      | Became a worshipper of Warmaster Okawaru
  1888 | D:4      | Noticed Robin
  1898 | D:3      | Reached XP level 6. HP: 43/50 MP: 6/13
  1901 | D:3      | Killed Robin
  2179 | D:3      | Reached skill level 5 in Fighting
  2179 | D:3      | Reached skill level 5 in Polearms
  2179 | D:3      | Reached skill level 5 in Dodging
  2546 | D:3      | Reached XP level 7. HP: 34/56 MP: 11/15
  2676 | D:4      | Reached * piety under Okawaru
  3536 | D:5      | Entered Level 5 of the Dungeon
  3580 | D:5      | Reached XP level 8. HP: 45/63 MP: 3/16
  3760 | D:5      | Reached skill level 6 in Charms
  3778 | D:5      | Killed from afar by an orc priest

Levels and vault maps discovered:
D:1:      minmay_arrival_nine_rooms, layout_loops_ring, serial_forest,
          infiniplex_forest_clump_medium, infiniplex_forest_zigzag_1,
          infiniplex_forest_straight_2, infiniplex_forest_side_room,
          infiniplex_forest_straight_5, infiniplex_forest_lined_3,
          chequers_mini_garden
D:2:      layout_rooms, chequers_ecumenical_altar_simple_redux, uniq_natasha
D:3:      layout_rooms, nicolae_ru_sacrificial_ziggurat,
          chequers_temple_overflow_statue_of_worship
D:4:      layout_gridville, nicolae_ossuary_entry_ruins, uniq_robin
D:5:      layout_rooms, minmay_temple_entry_statues_pillars, serial_shops,
          nicolae_shop_window_shopping, first_ration, nrook_uturn

Skill      XL: |  1  2  3  4  5  6  7  8 |
---------------+-------------------------+-----
Spellcasting   | 5 |  5.8
Invocations    | 1 2 3 |  3.2
Short Blades   | 1 2 |  2.9
Long Blades    | 1 2 |  2.9
Axes           | 1 2 |  2.9
Maces & Flails | 1 2 |  2.9
Staves         | 1 2 |  2.9
Slings         | 1 2 |  2.9
Bows           | 1 2 |  2.9
Crossbows      | 1 2 |  2.9
Throwing       | 1 2 |  2.9
Stealth        | 1 2 |  2.9
Shields        | 1 2 |  2.9
Unarmed Combat | 1 2 |  2.9
Evocations     | 1 2 |  2.9
Conjurations   | 1 2 |  2.3
Hexes          | 1 2 |  2.3
Summonings     | 1 2 |  2.3
Necromancy     | 1 2 |  2.3
Translocations | 1 2 |  2.3
Transmutations | 1 2 |  2.3
Fire Magic     | 1 2 |  2.3
Ice Magic      | 1 2 |  2.3
Air Magic      | 1 2 |  2.3
Earth Magic    | 1 2 |  2.3
Poison Magic   | 1 2 |  2.3
Armour         | 3 |  3.9
Fighting       | 5 |  5.4
Polearms       | 5 |  5.4
Dodging        | 5 |  5.4
Charms         | 6 |  6.0

Action                   |  1- 3 |  4- 6 |  7- 9 || total
-------------------------+-------+-------+-------++-------
Melee: Spear             |    74 |   197 |   151 ||   422
       Bite              |     3 |    22 |    25 ||    50
       Punch             |       |     1 |     1 ||     2
Throw: Dart              |       |       |     3 ||     3
 Cast: Infusion          |     2 |     8 |     8 ||    18
       Shroud of Golubri |     7 |    17 |    14 ||    38
       Song of Slaying   |     1 |     1 |     1 ||     3
       Spectral Weapon   |       |     5 |     5 ||    10
       Regeneration      |       |     5 |     7 ||    12
  Use: Potion            |       |     1 |       ||     1
       Scroll            |       |       |     1 ||     1
 Stab: Sleeping          |     2 |     2 |     4 ||     8
  Eat: Chunk             |       |     7 |     5 ||    12
Armor: Leather armour    |       |    27 |    17 ||    44
Dodge: Dodged            |    27 |   117 |    72 ||   216

Table legend:
 A = Non-vault XP
 B = Vault XP
 C = Vault XP percentage of total XP
 D = Non-vault monster count
 E = Vault monster count
 F = Vault count percentage of total count
                 A         B        C        D         E       F
            +---------+---------+-------+---------+---------+-------
      Total |    1255 |      67 |   5.1 |      96 |      11 |  10.3
            +---------+---------+-------+---------+---------+-------
        D:1 |      40 |       0 |   0.0 |      23 |       0 |   0.0
        D:2 |     152 |      35 |  18.7 |      12 |       1 |   7.7
        D:3 |     336 |      19 |   5.4 |      29 |       3 |   9.4
        D:4 |     557 |      13 |   2.3 |      22 |       7 |  24.1
        D:5 |     170 |       0 |   0.0 |      10 |       0 |   0.0
            +---------+---------+-------+---------+---------+-------
